EVO
UNIVERSITY OF NORTH CAROLINA AT CHAPEL HILL TAR HEELS @ FRESNO STATE UNIVERSITY BULLDOGS
08/10/2044
 
TOP OF THE 1ST
University of North Carolina at Chapel Hill Tar Heels batting - Pitching for Fresno State University Bulldogs : LHP Alfredo Carranza
Pitching: LHP Alfredo Carranza
Batting: RHB David McDonald 0-0: Ball
1-0: Ball
2-0: Foul Ball, location: 2F
2-1: Foul Ball, location: 2F
2-2: Ball
3-2: Foul Ball, location: 2F
3-2: Foul Ball, location: 2F
3-2: Base on Balls
Batting: RHB Aaron Stout 0-0: Called Strike
0-1: Called Strike
0-2: Fielders Choice at 2nd, 1-6 (Groundball, 34S, EV 65.0 MPH)
Batting: LHB Jason Raker 0-0: Called Strike
0-1: Fielders Choice at 2nd, 5-4 (Groundball, 5, EV 81.9 MPH)
Batting: RHB Kazushige Hasegawa 0-0: Ball
1-0: Foul Ball, location: 2F
1-1: Ball
2-1: Fielders Choice at 2nd, 6-4 (Groundball, 6, EV 86.2 MPH)
Top of the 1st over - 0 runs, 0 hits, 0 errors, 1 left on base; University of North Carolina at Chapel Hill 0 - Fresno State University 0
BOTTOM OF THE 1ST
Fresno State University Bulldogs batting - Pitching for University of North Carolina at Chapel Hill Tar Heels : LHP Matt Karr
Pitching: LHP Matt Karr
Batting: RHB Janne Vihko 0-0: Ball
1-0: Foul Ball, location: 2F
1-1: Fly out, F3 (Line Drive, 3, EV 66.2 MPH)
Batting: RHB Wali Mulogo 0-0: Ball
1-0: Ball
2-0: Called Strike
2-1: Ball
3-1: DOUBLE (Line Drive, 89D, EV 105.6 MPH)
Batting: RHB Tommy Tracy 0-0: Called Strike
0-1: Called Strike
0-2: Strikes out swinging, 2-3 out at first.
Batting: RHB Phil Hamby 0-0: Foul Ball, location: 2F
0-1: Swinging Strike
0-2: Ball
1-2: Ball
2-2: Foul Ball, location: 2F
2-2: Foul Ball, location: 2F
2-2: Ball
3-2: Ground out 6-3 (Groundball, 6, EV 102.5 MPH)
Bottom of the 1st over - 0 runs, 1 hit, 0 errors, 1 left on base; University of North Carolina at Chapel Hill 0 - Fresno State University 0
TOP OF THE 2ND
University of North Carolina at Chapel Hill Tar Heels batting - Pitching for Fresno State University Bulldogs : LHP Alfredo Carranza
Batting: RHB Sam Daw 0-0: Swinging Strike
0-1: Foul Ball, location: 2F
0-2: SINGLE (Groundball, 6, EV 107.5 MPH)
Batting: RHB George Boivin 0-0: Foul Ball, location: 2F
0-1: Ball
1-1: Ball
2-1: Foul Ball, location: 2F
2-2: Ball
3-2: Grounds into double play, 1-6-3 (Groundball, 13S, EV 64.4 MPH)
Batting: RHB Travis Robinson 0-0: Ball
1-0: Called Strike
1-1: SINGLE (Line Drive, 78S, EV 86.2 MPH)
Batting: RHB Jonathan Livingston 0-0: Ball
1-0: Ball
2-0: Fielders Choice at 2nd, 5-4 (Groundball, 5L, EV 83.8 MPH)
Top of the 2nd over - 0 runs, 2 hits, 0 errors, 1 left on base; University of North Carolina at Chapel Hill 0 - Fresno State University 0
BOTTOM OF THE 2ND
Fresno State University Bulldogs batting - Pitching for University of North Carolina at Chapel Hill Tar Heels : LHP Matt Karr
Batting: LHB Mike Roberts 0-0: Ball
1-0: Ball
2-0: Ball
3-0: Called Strike
3-1: SINGLE (Line Drive, 78S, EV 106.2 MPH)
Batting: RHB Ryan Miller 0-0: Ball
1-0: Called Strike
1-1: Swinging Strike
1-2: Strikes out swinging
Batting: LHB Vinny Rivera 0-0: Ball
1-0: Ball
2-0: Called Strike
2-1: Foul Ball, location: 2F
2-2: Foul Ball, location: 2F
2-2: Foul Ball, location: 2F
2-2: Ball
3-2: Base on Balls
Mike Roberts to second
Batting: SHB Andres Agudo 0-0: Called Strike
0-1: Ball
1-1: Swinging Strike
1-2: Strikes out swinging
Batting: SHB Jay Rook 0-0: Swinging Strike
0-1: Foul Ball, location: 2F
0-2: Foul Ball, location: 2F
0-2: Ball
1-2: Ball
2-2: Ball
3-2: SINGLE (Groundball, 56D, EV 100.6 MPH)
Mike Roberts to third
Vinny Rivera to second
Mike Roberts scores
Vinny Rivera to third
Batting: RHB Janne Vihko 0-0: SINGLE (Groundball, 56D, EV 109.4 MPH)
Vinny Rivera scores
Jay Rook to second
Batting: RHB Wali Mulogo 0-0: Called Strike
0-1: Fielders Choice at 2nd, 6-4 (Groundball, 6, EV 85.6 MPH)
Bottom of the 2nd over - 2 runs, 3 hits, 0 errors, 2 left on base; University of North Carolina at Chapel Hill 0 - Fresno State University 2
TOP OF THE 3RD
University of North Carolina at Chapel Hill Tar Heels batting - Pitching for Fresno State University Bulldogs : LHP Alfredo Carranza
Batting: RHB Norm Wood 0-0: Ball
1-0: Ground out 3-1 (Groundball, 34, EV 104.4 MPH)
Batting: RHB David McDonald 0-0: Ball
1-0: Ground out 5-3 (Groundball, 56S, EV 91.9 MPH)
Batting: RHB Aaron Stout 0-0: Called Strike
0-1: Ball
1-1: Ball
2-1: SINGLE (Groundball, 6MD, EV 102.5 MPH)
Batting: LHB Jason Raker 0-0: Ball
1-0: Ball
2-0: Ball
3-0: Called Strike
3-1: Base on Balls
Aaron Stout to second
Batting: RHB Kazushige Hasegawa 0-0: Ball
1-0: Called Strike
1-1: 3-RUN HOME RUN (Flyball, 7D, EV 102.5 MPH), Distance : 402 ft
Batting: RHB Sam Daw 0-0: Ball
1-0: Foul Ball, location: 2F
1-1: Ball
2-1: Ball
3-1: Foul Ball, location: 2F
3-2: Foul Ball, location: 2F
3-2: Strikes out swinging
Top of the 3rd over - 3 runs, 2 hits, 0 errors, 0 left on base; University of North Carolina at Chapel Hill 3 - Fresno State University 2
BOTTOM OF THE 3RD
Fresno State University Bulldogs batting - Pitching for University of North Carolina at Chapel Hill Tar Heels : LHP Matt Karr
Batting: RHB Tommy Tracy 0-0: Called Strike
0-1: Foul Ball, location: 2F
0-2: Ball
1-2: Foul Ball, location: 2F
1-2: Strikes out swinging
Batting: RHB Phil Hamby 0-0: Called Strike
0-1: Fly out, F4 (Popup, 4S, EV 77.5 MPH)
Batting: LHB Mike Roberts 0-0: Foul Ball, location: 2F
0-1: Swinging Strike
0-2: Ball
1-2: Foul Ball, location: 2F
1-2: Foul Ball, location: 2F
1-2: Fly out, F8 (Flyball, 8LXD, EV 100.0 MPH)
Bottom of the 3rd over - 0 runs, 0 hits, 0 errors, 0 left on base; University of North Carolina at Chapel Hill 3 - Fresno State University 2
TOP OF THE 4TH
University of North Carolina at Chapel Hill Tar Heels batting - Pitching for Fresno State University Bulldogs : LHP Alfredo Carranza
Batting: RHB George Boivin 0-0: Called Strike
0-1: Ball
1-1: Called Strike
1-2: Ball
2-2: Strikes out swinging
Batting: RHB Travis Robinson 0-0: Called Strike
0-1: Fly out, F8 (Flyball, 8RXD, EV 108.1 MPH)
Batting: RHB Jonathan Livingston 0-0: Ball
1-0: Ball
2-0: Called Strike
2-1: Foul Ball, location: 2F
2-2: Strikes out swinging
Top of the 4th over - 0 runs, 0 hits, 0 errors, 0 left on base; University of North Carolina at Chapel Hill 3 - Fresno State University 2
BOTTOM OF THE 4TH
Fresno State University Bulldogs batting - Pitching for University of North Carolina at Chapel Hill Tar Heels : LHP Matt Karr
Batting: RHB Ryan Miller 0-0: Ball
1-0: Ball
2-0: Foul Ball, location: 2F
2-1: Swinging Strike
2-2: Fly out, F8 (Flyball, 8LD, EV 86.9 MPH)
Batting: LHB Vinny Rivera 0-0: Swinging Strike
0-1: Foul Ball, location: 2F
0-2: Reached on error, E6 (Groundball, 6, EV 79.4 MPH)
Batting: SHB Andres Agudo 0-0: Called Strike
0-1: Foul Ball, location: 2F
0-2: Ball
1-2: Ball
2-2: Strikes out swinging
Pitching: RHP Joe Morse
Batting: SHB Jay Rook 0-0: Ball
Vinny Rivera is caught stealing 2nd base 2-6
Bottom of the 4th over - 0 runs, 0 hits, 1 error, 0 left on base; University of North Carolina at Chapel Hill 3 - Fresno State University 2
TOP OF THE 5TH
University of North Carolina at Chapel Hill Tar Heels batting - Pitching for Fresno State University Bulldogs : LHP Alfredo Carranza
Pitching: RHP Danny Arroyo
Batting: RHB Norm Wood 0-0: Reached on error, E6 (Groundball, 6, EV 88.1 MPH)
Batting: RHB David McDonald 0-0: Sac Bunt to 13 - play at first, batter OUT! 1-4
Norm Wood to second
Batting: RHB Aaron Stout 0-0: Ball
1-0: Called Strike
1-1: Ball
2-1: Swinging Strike
2-2: DOUBLE (Flyball, 8LD, EV 103.1 MPH)
Norm Wood scores
Batting: LHB Jason Raker 0-0: Intentional Walk
Batting: RHB Kazushige Hasegawa 0-0: Foul Ball, location: 2F
0-1: Swinging Strike
0-2: Ball
1-2: Ground out 6-3 (Groundball, 6D, EV 104.4 MPH)
Aaron Stout to third
Jason Raker to second
Batting: RHB Sam Daw 0-0: Foul Ball, location: 2F
0-1: 3-RUN HOME RUN (Flyball, 9D, EV 98.8 MPH), Distance : 373 ft
Pitching: LHP Dave Waiters
Batting: RHB George Boivin 0-0: Foul Ball, location: 2F
0-1: Foul Ball, location: 2F
0-2: Fly out, F9 (Flyball, 89M, EV 80.0 MPH)
Top of the 5th over - 4 runs, 2 hits, 1 error, 0 left on base; University of North Carolina at Chapel Hill 7 - Fresno State University 2
BOTTOM OF THE 5TH
Fresno State University Bulldogs batting - Pitching for University of North Carolina at Chapel Hill Tar Heels : RHP Joe Morse
Batting: SHB Jay Rook 0-0: Ball
1-0: Ball
2-0: Foul Ball, location: 2F
2-1: Ball
3-1: Foul Ball, location: 2F
3-2: Ground out 4-3 (Groundball, 34, EV 90.6 MPH)
Batting: RHB Janne Vihko 0-0: Foul Ball, location: 2F
0-1: Ball
1-1: Ball
2-1: Swinging Strike
2-2: Strikes out swinging
Batting: RHB Wali Mulogo 0-0: Ball
1-0: SINGLE (Flyball, 89S, EV 93.8 MPH)
Batting: RHB Tommy Tracy 0-0: Called Strike
0-1: Called Strike
0-2: Ball
1-2: Strikes out swinging
Bottom of the 5th over - 0 runs, 1 hit, 0 errors, 1 left on base; University of North Carolina at Chapel Hill 7 - Fresno State University 2
TOP OF THE 6TH
University of North Carolina at Chapel Hill Tar Heels batting - Pitching for Fresno State University Bulldogs : LHP Dave Waiters
Batting: RHB Travis Robinson 0-0: Foul Ball, location: 2F
0-1: Ball
1-1: Called Strike
1-2: Strikes out looking
Batting: RHB Jonathan Livingston 0-0: Called Strike
0-1: Foul Ball, location: 2F
0-2: Ball
1-2: Strikes out swinging
Batting: RHB Norm Wood 0-0: Called Strike
0-1: Foul Ball, location: 2F
0-2: Strikes out swinging
Top of the 6th over - 0 runs, 0 hits, 0 errors, 0 left on base; University of North Carolina at Chapel Hill 7 - Fresno State University 2
BOTTOM OF THE 6TH
Fresno State University Bulldogs batting - Pitching for University of North Carolina at Chapel Hill Tar Heels : RHP Joe Morse
Batting: RHB Phil Hamby 0-0: Ball
1-0: Foul Ball, location: 2F
1-1: Ball
2-1: Ball
3-1: Called Strike
3-2: Base on Balls
Batting: LHB Mike Roberts 0-0: Ball
1-0: Called Strike
1-1: Called Strike
1-2: Ball
2-2: SINGLE (Groundball, 6MD, EV 94.4 MPH)
Phil Hamby to second
Batting: RHB Ryan Miller 0-0: Called Strike
0-1: Foul Ball, location: 2F
0-2: Strikes out swinging
Batting: LHB Vinny Rivera 0-0: Ball
1-0: Foul Ball, location: 2F
1-1: Swinging Strike
1-2: Ball
2-2: Foul Ball, location: 2F
2-2: Ball
3-2: Strikes out looking
Pitching: RHP Alfonso Mier
Batting: SHB Andres Agudo 0-0: Ball
1-0: Called Strike
1-1: Ball
2-1: Foul Ball, location: 2F
2-2: Strikes out swinging
Bottom of the 6th over - 0 runs, 1 hit, 0 errors, 2 left on base; University of North Carolina at Chapel Hill 7 - Fresno State University 2
TOP OF THE 7TH
University of North Carolina at Chapel Hill Tar Heels batting - Pitching for Fresno State University Bulldogs : LHP Dave Waiters
Pinch Hitting: RHB Akira Kubo 0-0: Ground out 5-3 (Groundball, 5, EV 84.4 MPH)
Pinch Hitting: RHB Andy Baumhardt 0-0: Called Strike
0-1: Ball
1-1: SOLO HOME RUN (Flyball, 7D, EV 105.0 MPH), Distance : 396 ft
Pinch Hitting: LHB Dave Bertheau 0-0: Ball
1-0: Called Strike
1-1: Ball
2-1: Ball
3-1: Called Strike
3-2: Strikes out swinging
Batting: RHB Kazushige Hasegawa 0-0: Called Strike
0-1: Ball
1-1: Called Strike
1-2: Ball
2-2: Foul Ball, location: 2F
2-2: Ball
3-2: Strikes out swinging
Top of the 7th over - 1 run, 1 hit, 0 errors, 0 left on base; University of North Carolina at Chapel Hill 8 - Fresno State University 2
BOTTOM OF THE 7TH
Fresno State University Bulldogs batting - Pitching for University of North Carolina at Chapel Hill Tar Heels : RHP Alfonso Mier
Now at 1B: Andy Baumhardt
Now at 2B: Akira Kubo
Now in LF: Dave Bertheau
Batting: SHB Jay Rook 0-0: Ball
1-0: Ball
2-0: Ground out 4-3 (Groundball, 4, EV 85.6 MPH)
Pinch Hitting: RHB Andrew Pride 0-0: Called Strike
0-1: Ball
1-1: Swinging Strike
1-2: Strikes out swinging
Batting: RHB Miguel Velasco 0-0: Ball
1-0: Foul Ball, location: 2F
1-1: Foul Ball, location: 2F
1-2: Ball
2-2: Foul Ball, location: 2F
2-2: Ground out 3-1 (Groundball, 34, EV 90.0 MPH)
Bottom of the 7th over - 0 runs, 0 hits, 0 errors, 0 left on base; University of North Carolina at Chapel Hill 8 - Fresno State University 2
TOP OF THE 8TH
University of North Carolina at Chapel Hill Tar Heels batting - Pitching for Fresno State University Bulldogs : LHP Dave Waiters
Pitching: RHP Wally Dethridge
Now in LF: Andrew Pride
Now in CF: Vinny Rivera
Pinch Hitting: LHB Edgar Ortiz 0-0: Ball
1-0: Swinging Strike
1-1: Ground out 4-3 (Groundball, 4, EV 101.9 MPH)
Batting: RHB Carlos Almada 0-0: Ground out 5-3 (Groundball, 56, EV 83.1 MPH)
Batting: RHB Travis Robinson 0-0: Ball
1-0: Ball
2-0: Swinging Strike
2-1: Ball
3-1: Foul Ball, location: 2F
3-2: Strikes out looking
Top of the 8th over - 0 runs, 0 hits, 0 errors, 0 left on base; University of North Carolina at Chapel Hill 8 - Fresno State University 2
BOTTOM OF THE 8TH
Fresno State University Bulldogs batting - Pitching for University of North Carolina at Chapel Hill Tar Heels : RHP Alfonso Mier
Now in RF: Edgar Ortiz
Pinch Hitting: SHB Jack Tierney 0-0: Called Strike
0-1: Ball
1-1: Ball
2-1: Foul Ball, location: 2F
2-2: Ball
3-2: SINGLE (Groundball, 34D, EV 99.4 MPH)
Pinch Hitting: SHB Javy Franco 0-0: Foul Ball, location: 2F
0-1: Called Strike
0-2: Foul Ball, location: 2F
0-2: Ball
1-2: Ball
2-2: Ball
3-2: Ground out 4-3 (Groundball, 4, EV 78.8 MPH)
Jack Tierney to second
Pitching: LHP Hector Cardenas
Batting: LHB Mike Roberts 0-0: Called Strike
0-1: DOUBLE (Line Drive, 8RXD, EV 107.5 MPH)
Jack Tierney scores
Pinch Hitting: RHB Tony Aguiar 0-0: Called Strike
0-1: Ball
1-1: Called Strike
1-2: Ball
2-2: Fly out, F9 (Line Drive, 9, EV 100.6 MPH)
Pinch Hitting: RHB Cale Fallon 0-0: DOUBLE (Groundball, 5L, EV 99.4 MPH)
Mike Roberts scores
Pinch Hitting: RHB Minoru Matsumoto 0-0: Fly out, F8 (Flyball, 8LS, EV 91.9 MPH)
Bottom of the 8th over - 2 runs, 3 hits, 0 errors, 1 left on base; University of North Carolina at Chapel Hill 8 - Fresno State University 4
TOP OF THE 9TH
University of North Carolina at Chapel Hill Tar Heels batting - Pitching for Fresno State University Bulldogs : RHP Wally Dethridge
Now at 2B: Javy Franco
Now at 3B: Minoru Matsumoto
Now at SS: Tony Aguiar
Now in CF: Cale Fallon
Now in RF: Jack Tierney
Batting: RHB Jonathan Livingston 0-0: Ball
1-0: Ball
2-0: Foul Ball, location: 2F
2-1: Swinging Strike
2-2: Strikes out looking
Batting: RHB Norm Wood 0-0: Ball
1-0: Ball
2-0: Foul Ball, location: 2F
2-1: Called Strike
2-2: Foul Ball, location: 2F
2-2: SINGLE (Groundball, 6MD, EV 104.4 MPH)
Batting: RHB Akira Kubo 0-0: Called Strike
0-1: Ball
1-1: Ball
2-1: Swinging Strike
2-2: Foul Ball, location: 2F
2-2: Foul Ball, location: 2F
2-2: Foul Ball, location: 2F
2-2: Strikes out swinging
Batting: RHB Andy Baumhardt 0-0: Ball
1-0: Foul Ball, location: 2F
1-1: Called Strike
1-2: Ball
2-2: Fly out, F9 (Line Drive, 9, EV 110.0 MPH)
Top of the 9th over - 0 runs, 1 hit, 0 errors, 1 left on base; University of North Carolina at Chapel Hill 8 - Fresno State University 4
BOTTOM OF THE 9TH
Fresno State University Bulldogs batting - Pitching for University of North Carolina at Chapel Hill Tar Heels : LHP Hector Cardenas
Pinch Hitting: RHB Todd Vanasco 0-0: Ball
1-0: SOLO HOME RUN (Flyball, 7LD, EV 97.5 MPH), Distance : 367 ft
Pitching: LHP Bryan Reynolds
Batting: RHB Andrew Pride 0-0: Reached on error, E6 (Groundball, 6, EV 103.1 MPH)
Batting: RHB Miguel Velasco 0-0: Swinging Strike
0-1: Ball
Wild Pitch!
Andrew Pride to second
1-1: Ball
2-1: Swinging Strike
2-2: Ball
3-2: Strikes out looking
Pinch Hitting: RHB Juan Gallegos 0-0: Ball
1-0: Ball
2-0: Foul Ball, location: 2F
2-1: Ball
3-1: Foul Ball, location: 2F
3-2: Base on Balls
Batting: SHB Javy Franco 0-0: Ball
1-0: Ball
2-0: Called Strike
2-1: SINGLE (Line Drive, 4M, EV 105.0 MPH)
Andrew Pride to third
Juan Gallegos to second
Batting: LHB Mike Roberts 0-0: Called Strike
0-1: Foul Ball, location: 2F
0-2: Ball
1-2: Ball
2-2: Fly out, F8 (Flyball, 8LS, EV 83.8 MPH)
Batting: RHB Tony Aguiar 0-0: Called Strike
0-1: Ball
1-1: Swinging Strike
1-2: Fly out, F4 (Popup, 4S, EV 75.6 MPH)
Bottom of the 9th over - 1 run, 2 hits, 1 error, 3 left on base; University of North Carolina at Chapel Hill 8 - Fresno State University 5
Thursday, March 31st , 2022 - OOTP Baseball 22.12 Build 89